 Dungeon Crawl Stone Soup version 0.32-a0-485-g70f7560b1c (webtiles) character file.

Game seed: 10308393868442525601

119 Malificent the Cutter (level 5, -1/30 (31) HPs)
             Began as a Kobold Gladiator on Feb 26, 2024.
             Succumbed to an orc's poison
             ... on level 3 of the Dungeon.
             The game lasted 00:05:33 (1786 turns).

Malificent the Cutter (Kobold Gladiator)            Turns: 1786, Time: 00:05:33

HP:   -1/30 (31)    AC:  4    Str: 10 (12) XL:     5   Next: 24%
MP:   5/5           EV: 16    Int: 12 (15) God:
Gold: 47            SH:  0    Dex: 17 (18) Spells: 4/4 levels left

rFire   . . .        p - +1 short sword (speed)
rCold   . . .        (no shield)
rNeg    . . .        b - +0 leather armour
rPois   .            c - +0 helmet
rElec   .            (no cloak)
rCorr   .            (no gloves)
SInv    .            (no boots)
Will    .....        (no amulet)
Stlth   +++          q - +6 ring of intelligence
HPRegen 0.25/turn    (no ring)
MPRegen 0.09/turn

%: no passive effects
@: lethally poisoned (-1 -> -21), lightly drained
A: small, no large weapons, nightstalker 3
a: no special abilities


You were on level 3 of the Dungeon.
You visited 1 branch of the dungeon, and saw 3 of its levels.

You collected 47 gold pieces.

Inventory:

Hand Weapons
 a - a +0 rapier
 p - a +1 short sword of speed (weapon)
Missiles
 d - 3 throwing nets
 e - 4 boomerangs (quivered)
Armour
 b - a +0 leather armour (worn)
 c - a +0 helmet (worn)
 o - a +0 pair of boots
Magical Staves
 n - a staff of death
Jewellery
 q - a +6 ring of intelligence (left hand)
Talismans
 g - a maw talisman
Wands
 s - a wand of polymorph (14)
Scrolls
 f - a scroll of immolation {unknown}
 k - a scroll of amnesia {unknown}
 l - 2 scrolls of teleportation {unknown}
 r - a scroll of poison {unknown}
Potions
 h - 2 potions of curing {unknown}
 i - a potion of degeneration
 j - a potion of mutation {unknown}
 m - a potion of heal wounds {unknown}
 t - a potion of haste {unknown}


   Skills:
 + Level 2.7 Fighting
 + Level 5.3 Short Blades
 + Level 2.5 Throwing
 + Level 0.7 Armour
 + Level 4.6 Dodging
 + Level 2.0 Stealth
 * Level 0.2 Evocations


You had 4 spell levels left.
You didn't know any spells.
Your spell library was empty.

Dungeon Overview and Level Annotations

Branches:
Dungeon (3/15)

Altars:


Innate Abilities, Weirdness & Mutations

You are small and have problems with some larger weapons.
You are completely attuned to the shadows.


Message History

You hit the orc but do no damage.
An orc comes into view. It is wielding a +0 club.
The orc hits you but does no damage. The orc misses you.
The orc attacks as it pursues you! The orc hits you with a +0 mace.
The orc attacks as it pursues you! The orc closely misses you.
The orc attacks as it pursues you! The orc closely misses you.
You open the large door.
A rat comes into view.
The orc hits you with a +0 mace.
Found 2 coppery potions.
The rat twitches its whiskers.
The orc attacks as it pursues you! The orc misses you.
There is a large open door here.
You hit the rat but do no damage. You hit the rat.
The rat is moderately wounded.
The rat completely misses you. The orc barely misses you.
The orc hits you with a +1 flail of venom!
You are lethally poisoned!
You closely miss the rat.
The rat is moderately wounded.
You feel sick.
You hit the rat.
The rat is severely wounded.
* * * LOW HITPOINT WARNING * * *
You feel sick. The rat closely misses you. The orc hits you but does no damage.
You are more poisoned.
The orc closely misses you.
You hit the rat.
You kill the rat!
* * * LOW HITPOINT WARNING * * *
You feel very sick.
The orc hits you with a +1 dagger of draining.
* * * LOW HITPOINT WARNING * * *
You feel drained.
It was a potion of degeneration.
There was something very wrong with that liquid.
You feel weakened.
You feel dopey.
You feel clumsy.
You die...

....##..........##...
.....................
.....##..######..###.
.....##..# #..# #.
.....##..# #..# #.
+#.......######..###.
#..o....##..........
#.ooo........#..###.
###@##.......#..###.
#†##.......#..#...
...#............#.
....##.##.###......
!....##.##.# ##...##
##.##.###......
#.....+..............
#.....##.##.####.....
#.....##.##†# #.#.##


You could see 4 orcs.

Vanquished Creatures
  Terence (D:2)
  Robin (D:2)
  2 adders (D:2)
  An orc (D:3)
  8 ball pythons
  4 bats
  3 endoplasms
  5 giant cockroaches
  14 goblins
  8 hobgoblins
  A quokka (D:1)
  3 frilled lizards
  4 kobolds (D:2)
  3 rats
58 creatures vanquished.

Notes
Turn   | Place    | Note
-------+----------+-------------------------------------------
     0 | D:1      | Malificent the Kobold Gladiator began the quest for the
                  | Orb.
     0 | D:1      | Reached XP level 1. HP: 12/12 MP: 1/1
    13 | D:1      | Noticed an electric eel
   212 | D:1      | Reached XP level 2. HP: 17/17 MP: 2/2
   678 | D:1      | Reached XP level 3. HP: 22/22 MP: 3/3
   831 | D:2      | Reached skill level 1 in Stealth
   929 | D:2      | Reached XP level 4. HP: 22/27 MP: 4/4
   981 | D:2      | Noticed Robin
  1040 | D:2      | Killed Robin
  1041 | D:2      | Reached skill level 5 in Short Blades
  1127 | D:2      | Noticed Terence
  1140 | D:2      | Killed Terence
  1141 | D:2      | Reached XP level 5. HP: 24/31 MP: 5/5
  1786 | D:3      | Succumbed to an orc's poison

Illustrated notes

Levels and vault maps discovered:
D:1:      arrival_aquarium_a, layout_basic
D:2:      layout_basic, uniq_robin, uniq_terence
D:3:      layout_basic, mainiacjoe_overflow_alcove_1,
          hellmonk_ecumenical_altar_arch_garden, nicolae_grassy_gnolls

Skill      XL: |  1  2  3  4  5 |
---------------+----------------+-----
Dodging        | 4 |  4.6
Stealth        | 1 2 |  2.0
Short Blades   | 5 |  5.3
Fighting       | |  2.7
Throwing       | |  2.5
Armour         | |  0.7
Evocations     | |  0.2

Action                     |  1- 3 |  4- 6 || total
---------------------------+-------+-------++-------
  Melee: Rapier            |    91 |       ||    91
         Short sword       |       |    85 ||    85
  Throw: Boomerang         |       |     8 ||     8
    Use: Potion            |       |     1 ||     1
   Stab: Sleeping          |     7 |     5 ||    12
 Armour: Leather armour    |    33 |    25 ||    58
  Dodge: Dodged            |    53 |    47 ||   100

Table legend: (Time is in decaauts)
 A = Elapsed time spent in this place.
 B = Non-inter-level travel time spent in this place.
 C = Inter-level travel time spent in this place.
 D = Time resting spent in this place.
 E = Time spent auto-exploring this place.
 F = Levels seen in this place.
 G = Mean time per level.
                   A        B        C        D        E       F      G
               +--------+--------+--------+--------+--------+-----+--------+
         Total |   1742 |   1675 |     67 |     42 |   1225 |   3 |  580.7 |
       Dungeon |   1742 |   1675 |     67 |     42 |   1225 |   3 |  580.7 |
               +--------+--------+--------+--------+--------+-----+--------+

Top non-repeatable levels by time:
     D:2: 884 daAuts
     D:1: 716 daAuts
     D:3: 141 daAuts
